EL
TENNESSEE SMOKIES @ ALTOONA CURVE
08/06/2044
 
TOP OF THE 1ST
Tennessee Smokies batting - Pitching for Altoona Curve : RHP Antonio Alvarez
Pitching: RHP Antonio Alvarez
Batting: LHB Brent Dutcher 0-0: Ball
1-0: Called Strike
1-1: Ground out U3 (Groundball, 3, EV 98.1 MPH)
Batting: RHB Heef Harted 0-0: Foul Ball, location: 2F
0-1: Foul Ball, location: 2F
0-2: Strikes out swinging
Batting: RHB Heitaro Tanaka 0-0: Ball
1-0: Ball
2-0: Foul Ball, location: 2F
2-1: Ball
3-1: Ground out 4-3 (Groundball, 4, EV 77.5 MPH)
Top of the 1st over - 0 runs, 0 hits, 0 errors, 0 left on base; Tennessee 0 - Altoona 0
BOTTOM OF THE 1ST
Altoona Curve batting - Pitching for Tennessee Smokies : RHP Mike Borell
Pitching: RHP Mike Borell
Batting: LHB Jesse Henly 0-0: Called Strike
0-1: Ball
1-1: Foul Ball, location: 2F
1-2: Ball
2-2: Foul Ball, location: 2F
2-2: Foul Ball, location: 2F
2-2: Ball
3-2: Base on Balls
Batting: RHB Keiji Nakajima 0-0: Ball
1-0: Called Strike
1-1: Ball
2-1: Ball
3-1: Base on Balls
Jesse Henly to second
Batting: SHB Trevor Weareorwear 0-0: Called Strike
0-1: Fielders Choice at 2nd, 5-4 (Groundball, 5D, EV 103.1 MPH)
Jesse Henly to third
Batting: RHB Terry Sutherland 0-0: Called Strike
0-1: Ball
1-1: Foul Ball, location: 2F
1-2: Foul Ball, location: 2F
1-2: Foul Ball, location: 2F
1-2: Strikes out swinging
Batting: RHB Killian Jones 0-0: Ball
1-0: Foul Ball, location: 2F
1-1: Foul Ball, location: 2F
1-2: Ball
2-2: SINGLE (Groundball, 6MD, EV 106.9 MPH)
Jesse Henly scores
Trevor Weareorwear to second
Batting: RHB Brian Moore 0-0: Called Strike
0-1: Swinging Strike
0-2: DOUBLE (Line Drive, 89D, EV 100.6 MPH)
Trevor Weareorwear scores
Killian Jones to third
Batting: RHB Pedro Criollo 0-0: Fly out, F8 (Flyball, 8RD, EV 100.0 MPH)
Bottom of the 1st over - 2 runs, 2 hits, 0 errors, 2 left on base; Tennessee 0 - Altoona 2
TOP OF THE 2ND
Tennessee Smokies batting - Pitching for Altoona Curve : RHP Antonio Alvarez
Batting: RHB Bobby Gray 0-0: Swinging Strike
0-1: Ball
1-1: Ball
2-1: Swinging Strike
2-2: Strikes out swinging
Batting: SHB Rich Ranaldi 0-0: SINGLE (Line Drive, 34D, EV 95.0 MPH)
Batting: RHB Nick Kleckner 0-0: Ball
1-0: Called Strike
1-1: Called Strike
1-2: Foul Ball, location: 2F
1-2: Fly out, F8 (Flyball, 8LD, EV 100.6 MPH)
Batting: RHB Brian Warren 0-0: Swinging Strike
0-1: Swinging Strike
0-2: Ball
1-2: Ball
2-2: Ball
3-2: Strikes out looking
Top of the 2nd over - 0 runs, 1 hit, 0 errors, 1 left on base; Tennessee 0 - Altoona 2
BOTTOM OF THE 2ND
Altoona Curve batting - Pitching for Tennessee Smokies : RHP Mike Borell
Batting: RHB Yoshiaki Tsutsui 0-0: Called Strike
0-1: Foul Ball, location: 2F
0-2: Fly out, F8 (Flyball, 8LM, EV 86.3 MPH)
Batting: RHB Bahiyy al Din bin Mamdouh 0-0: Swinging Strike
0-1: Ball
1-1: Foul Ball, location: 2F
1-2: Hit by Pitch
Batting: LHB Jesse Henly 0-0: Fly out, F9 (Flyball, 9S, EV 88.8 MPH)
Batting: RHB Keiji Nakajima 0-0: Ball
1-0: 2-RUN HOME RUN (Flyball, 9D, EV 98.8 MPH), Distance : 399 ft
Batting: SHB Trevor Weareorwear 0-0: Foul Ball, location: 2F
0-1: Ball
1-1: Called Strike
1-2: Ball
2-2: Ball
3-2: Base on Balls
Batting: RHB Terry Sutherland 0-0: Called Strike
0-1: Called Strike
0-2: Ball
1-2: Ball
2-2: Ball
3-2: DOUBLE (Line Drive, 89XD, EV 106.3 MPH)
Trevor Weareorwear to third
Trevor Weareorwear scores
Batting: RHB Killian Jones 0-0: Fly out, F7 (Line Drive, 7D, EV 85.0 MPH)
Bottom of the 2nd over - 3 runs, 2 hits, 0 errors, 1 left on base; Tennessee 0 - Altoona 5
TOP OF THE 3RD
Tennessee Smokies batting - Pitching for Altoona Curve : RHP Antonio Alvarez
Batting: RHB John Iddings 0-0: Ball
1-0: Fly out, F8 (Line Drive, 8LD, EV 88.8 MPH)
Batting: RHB Chris Rosinsky 0-0: Called Strike
0-1: Swinging Strike
0-2: DOUBLE (Flyball, 8RD, EV 83.8 MPH)
Batting: LHB Brent Dutcher 0-0: Called Strike
0-1: Foul Ball, location: 2F
0-2: Ball
1-2: Foul Ball, location: 2F
1-2: Ball
2-2: Strikes out swinging
Batting: RHB Heef Harted 0-0: Ball
1-0: Ball
2-0: Called Strike
2-1: Swinging Strike
2-2: Ball
3-2: Foul Ball, location: 2F
3-2: Strikes out swinging
Top of the 3rd over - 0 runs, 1 hit, 0 errors, 1 left on base; Tennessee 0 - Altoona 5
BOTTOM OF THE 3RD
Altoona Curve batting - Pitching for Tennessee Smokies : RHP Mike Borell
Batting: RHB Brian Moore 0-0: Ball
1-0: Fly out, F8 (Flyball, 89D, EV 74.4 MPH)
Batting: RHB Pedro Criollo 0-0: Called Strike
0-1: SINGLE (Line Drive, 56D, EV 95.6 MPH)
Batting: RHB Yoshiaki Tsutsui 0-0: Fly out, F8 (Flyball, 8LXD, EV 95.0 MPH)
Batting: RHB Bahiyy al Din bin Mamdouh 0-0: Ball
1-0: Ball
2-0: Fielders Choice at 2nd, 6-4 (Groundball, 6, EV 86.9 MPH)
Bottom of the 3rd over - 0 runs, 1 hit, 0 errors, 1 left on base; Tennessee 0 - Altoona 5
TOP OF THE 4TH
Tennessee Smokies batting - Pitching for Altoona Curve : RHP Antonio Alvarez
Batting: RHB Heitaro Tanaka 0-0: Ball
1-0: Swinging Strike
1-1: Ball
2-1: Ball
3-1: Base on Balls
Batting: RHB Bobby Gray 0-0: Called Strike
0-1: Called Strike
0-2: Strikes out swinging
Batting: SHB Rich Ranaldi 0-0: Called Strike
0-1: Grounds into double play, 4-6-3 (Groundball, 4, EV 85.0 MPH)
Top of the 4th over - 0 runs, 0 hits, 0 errors, 0 left on base; Tennessee 0 - Altoona 5
BOTTOM OF THE 4TH
Altoona Curve batting - Pitching for Tennessee Smokies : RHP Mike Borell
Batting: LHB Jesse Henly 0-0: SINGLE (Groundball, 5S, EV 69.4 MPH) (infield hit)
Batting: RHB Keiji Nakajima 0-0: Swinging Strike
0-1: Called Strike
0-2: SINGLE (Groundball, 56D, EV 96.3 MPH)
Jesse Henly to second
Pitching: RHP Devin Ward
Batting: SHB Trevor Weareorwear 0-0: Called Strike
Jesse Henly steals 3rd base (no throw)
Keiji Nakajima to second
0-1: Ball
1-1: Swinging Strike
1-2: Foul Ball, location: 2F
1-2: Ball
2-2: Ground out 4-3 (Groundball, 4, EV 103.1 MPH)
Jesse Henly scores
Keiji Nakajima to third
Batting: RHB Terry Sutherland 0-0: Ball
1-0: Ball
2-0: Ball
3-0: Base on Balls
Batting: RHB Killian Jones 0-0: Ball
1-0: Called Strike
1-1: Ball
2-1: Called Strike
2-2: Foul Ball, location: 2F
2-2: Strikes out looking
Batting: RHB Brian Moore 0-0: Fly out, F8 (Flyball, 8LD, EV 100.6 MPH)
Bottom of the 4th over - 1 run, 2 hits, 0 errors, 2 left on base; Tennessee 0 - Altoona 6
TOP OF THE 5TH
Tennessee Smokies batting - Pitching for Altoona Curve : RHP Antonio Alvarez
Batting: RHB Nick Kleckner 0-0: Fly out, F9 (Flyball, 9S, EV 91.9 MPH)
Batting: RHB Brian Warren 0-0: Swinging Strike
0-1: Called Strike
0-2: Ball
1-2: Foul Ball, location: 2F
1-2: Ball
2-2: Foul Ball, location: 2F
2-2: Foul Ball, location: 2F
2-2: Ball
3-2: Fly out, F8 (Flyball, 8RM, EV 90.6 MPH)
Batting: RHB John Iddings 0-0: Ground out 5-3 (Groundball, 56, EV 78.1 MPH)
Top of the 5th over - 0 runs, 0 hits, 0 errors, 0 left on base; Tennessee 0 - Altoona 6
BOTTOM OF THE 5TH
Altoona Curve batting - Pitching for Tennessee Smokies : RHP Devin Ward
Batting: RHB Pedro Criollo 0-0: Ball
1-0: SOLO HOME RUN (Flyball, 9LD, EV 93.1 MPH), Distance : 328 ft
Pitching: RHP Bob Gilliam
Batting: RHB Yoshiaki Tsutsui 0-0: Foul Ball, location: 2F
0-1: Called Strike
0-2: Ball
1-2: SINGLE (Line Drive, 3D, EV 100.0 MPH)
Batting: RHB Bahiyy al Din bin Mamdouh 0-0: Foul Ball, location: 2F
0-1: Ball
1-1: Ball
2-1: Grounds into double play, 5-4-3 (Groundball, 56, EV 106.3 MPH)
Batting: LHB Jesse Henly 0-0: Called Strike
0-1: Swinging Strike
0-2: Ball
1-2: Strikes out swinging
Bottom of the 5th over - 1 run, 2 hits, 0 errors, 0 left on base; Tennessee 0 - Altoona 7
TOP OF THE 6TH
Tennessee Smokies batting - Pitching for Altoona Curve : RHP Antonio Alvarez
Batting: RHB Chris Rosinsky 0-0: Ground out 3-1 (Groundball, 34S, EV 88.8 MPH)
Batting: LHB Brent Dutcher 0-0: Foul Ball, location: 2F
0-1: Ball
1-1: Ball
2-1: Foul Ball, location: 2F
2-2: TRIPLE (Flyball, 9LD, EV 95.0 MPH)
Batting: RHB Heef Harted 0-0: Ball
1-0: Ground out 6-3 (Groundball, 6, EV 86.9 MPH)
Brent Dutcher scores
Batting: RHB Heitaro Tanaka 0-0: Called Strike
0-1: Ball
1-1: Reached on error, E6 (Groundball, 6, EV 112.5 MPH)
Batting: RHB Bobby Gray 0-0: Fly out, F9 (Flyball, 9LM, EV 97.5 MPH)
Top of the 6th over - 1 run, 1 hit, 1 error, 1 left on base; Tennessee 1 - Altoona 7
BOTTOM OF THE 6TH
Altoona Curve batting - Pitching for Tennessee Smokies : RHP Bob Gilliam
Batting: RHB Keiji Nakajima 0-0: Ball
1-0: Ball
2-0: Foul Ball, location: 2F
2-1: Swinging Strike
2-2: Strikes out swinging
Batting: SHB Trevor Weareorwear 0-0: Ball
1-0: Ball
2-0: Foul Ball, location: 2F
2-1: Foul Ball, location: 2F
2-2: Ball
3-2: Base on Balls
Pitching: LHP Nate George
Batting: RHB Terry Sutherland 0-0: Called Strike
0-1: Ground out 4-3 (Groundball, 4S, EV 68.8 MPH)
Trevor Weareorwear to second
Batting: RHB Killian Jones 0-0: Ball
1-0: Ball
2-0: Called Strike
2-1: Called Strike
2-2: Ball
3-2: Base on Balls
Batting: RHB Brian Moore 0-0: Swinging Strike
0-1: Ball
1-1: Ball
2-1: Ball
3-1: Foul Ball, location: 2F
3-2: Base on Balls
Trevor Weareorwear to third
Killian Jones to second
Batting: RHB Pedro Criollo 0-0: Ball
1-0: Called Strike
1-1: Ball
2-1: Swinging Strike
2-2: Fielders Choice at 2nd, 6-4 (Groundball, 6, EV 105.6 MPH)
Bottom of the 6th over - 0 runs, 0 hits, 0 errors, 3 left on base; Tennessee 1 - Altoona 7
TOP OF THE 7TH
Tennessee Smokies batting - Pitching for Altoona Curve : RHP Antonio Alvarez
Batting: SHB Rich Ranaldi 0-0: Ball
1-0: Called Strike
1-1: Foul Ball, location: 2F
1-2: Ball
2-2: Strikes out looking
Batting: RHB Nick Kleckner 0-0: Ground out 1-3 (Groundball, 13S, EV 61.3 MPH)
Batting: RHB Brian Warren 0-0: Swinging Strike
0-1: Ball
1-1: Foul Ball, location: 2F
1-2: Strikes out looking
Top of the 7th over - 0 runs, 0 hits, 0 errors, 0 left on base; Tennessee 1 - Altoona 7
BOTTOM OF THE 7TH
Altoona Curve batting - Pitching for Tennessee Smokies : LHP Nate George
Batting: RHB Yoshiaki Tsutsui 0-0: Foul Ball, location: 2F
0-1: Swinging Strike
0-2: Strikes out swinging wild pitch, reaches first!
Batting: RHB Bahiyy al Din bin Mamdouh 0-0: Ball
1-0: Ball
2-0: SINGLE (Groundball, 34D, EV 106.3 MPH)
Yoshiaki Tsutsui to second
Runner from 2nd tries for 3rd, SAFE, throw by RF made to third
Batting: LHB Jesse Henly 0-0: Called Strike
0-1: Foul Ball, location: 2F
0-2: Ball
1-2: Foul Ball, location: 2F
1-2: Ball
2-2: Grounds into double play, 4-6-3 (Groundball, 4, EV 107.5 MPH)
Yoshiaki Tsutsui scores
Batting: RHB Keiji Nakajima 0-0: Ground out 5-3 (Groundball, 56S, EV 81.3 MPH)
Bottom of the 7th over - 1 run, 1 hit, 0 errors, 0 left on base; Tennessee 1 - Altoona 8
TOP OF THE 8TH
Tennessee Smokies batting - Pitching for Altoona Curve : RHP Antonio Alvarez
Batting: RHB John Iddings 0-0: Foul Ball, location: 2F
0-1: Foul Ball, location: 2F
0-2: Ball
1-2: Strikes out swinging
Batting: RHB Chris Rosinsky 0-0: Foul Ball, location: 2F
0-1: Ball
1-1: Ball
2-1: Foul Ball, location: 2F
2-2: Foul Ball, location: 2F
2-2: Foul Ball, location: 2F
2-2: Strikes out swinging
Pitching: RHP Justin Jones
Pinch Hitting: RHB Adam Kelliher 0-0: Swinging Strike
0-1: Ball
1-1: Ball
2-1: Called Strike
2-2: Strikes out swinging
Top of the 8th over - 0 runs, 0 hits, 0 errors, 0 left on base; Tennessee 1 - Altoona 8
BOTTOM OF THE 8TH
Altoona Curve batting - Pitching for Tennessee Smokies : LHP Nate George
Now at 2B: Adam Kelliher
Batting: SHB Trevor Weareorwear 0-0: Foul Ball, location: 2F
0-1: Ball
1-1: Ball
2-1: Ball
3-1: Base on Balls
Batting: RHB Terry Sutherland 0-0: Swinging Strike
0-1: Ball
1-1: Ball
2-1: Fly out, F6 (Popup, 6M, EV 59.4 MPH)
Batting: RHB Killian Jones 0-0: Ball
1-0: Ball
2-0: Called Strike
2-1: Foul Ball, location: 2F
2-2: 2-RUN HOME RUN (Flyball, 7D, EV 100.0 MPH), Distance : 374 ft
Batting: RHB Brian Moore 0-0: Ball
1-0: Ball
2-0: Called Strike
2-1: Swinging Strike
2-2: Ball
3-2: Foul Ball, location: 2F
3-2: SINGLE (Flyball, 3D, EV 86.9 MPH)
Batting: RHB Pedro Criollo 0-0: Called Strike
0-1: Ball
1-1: Swinging Strike
1-2: Ball
2-2: Strikes out swinging
Batting: RHB Yoshiaki Tsutsui 0-0: Ball
1-0: Ball
2-0: Ball
3-0: Base on Balls
Brian Moore to second
Pitching: RHP Sean Espejo
Batting: RHB Bahiyy al Din bin Mamdouh 0-0: Called Strike
0-1: Ball
1-1: Ground out 1-3 (Groundball, 23, EV 66.9 MPH)
Bottom of the 8th over - 2 runs, 2 hits, 0 errors, 2 left on base; Tennessee 1 - Altoona 10
TOP OF THE 9TH
Tennessee Smokies batting - Pitching for Altoona Curve : RHP Justin Jones
Batting: RHB Heef Harted 0-0: Called Strike
0-1: Foul Ball, location: 2F
0-2: Ball
1-2: Ball
2-2: Ball
3-2: Foul Ball, location: 2F
3-2: Foul Ball, location: 2F
3-2: Strikes out looking
Batting: RHB Heitaro Tanaka 0-0: Called Strike
0-1: Foul Ball, location: 2F
0-2: Foul Ball, location: 2F
0-2: Foul Ball, location: 2F
0-2: Ball
1-2: Ball
2-2: Ball
3-2: Ground out 5-3 (Groundball, 25, EV 83.8 MPH)
Batting: RHB Bobby Gray 0-0: Called Strike
0-1: Ball
1-1: Ground out 6-3 (Groundball, 6, EV 86.3 MPH)
Top of the 9th over - 0 runs, 0 hits, 0 errors, 0 left on base; Tennessee 1 - Altoona 10
Thursday, March 31st , 2022 - OOTP Baseball 22.12 Build 89